 Dungeon Crawl Stone Soup version 0.31-a0-1-g4198be8af4 (webtiles) character file.

Game seed: 11307479256673979122

226 hndcvy the Trooper (level 5, -5/48 HPs)
             Began as a Minotaur Fighter on May 1, 2023.
             Slain by Crazy Yiuf
             ... wielding a +3 quarterstaff of chaos
              (14 damage)
             ... on level 2 of the Dungeon.
             The game lasted 00:03:43 (1362 turns).

hndcvy the Trooper (Minotaur Fighter)               Turns: 1362, Time: 00:03:44

Health: -5/48      AC:  8    Str: 23    XL:     5   Next: 69%
Magic:  2/4        EV:  9    Int:  5    God:
Gold:   69         SH:  5    Dex: 15    Spells: 4/4 levels left

rFire   . . .        t - +0 war axe
rCold   . . .        c - +0 buckler
rNeg    . . .        b - +0 scale mail
rPois   .            (helmet restricted)
rElec   .            j - +0 cloak
rCorr   .            (no gloves)
SInv    .            (no boots)
Will    .....        m - amulet of regeneration Stlth
                     g - +6 ring of dexterity
HPRegen 1.08/turn    (no ring)
MPRegen 0.09/turn

%: no passive effects
@: lethally poisoned (-5 -> -11)
A: horns 2, retaliatory headbutt
a: no special abilities


You were on level 2 of the Dungeon.
You visited 1 branch of the dungeon, and saw 2 of its levels.

You collected 69 gold pieces.

Inventory:

Hand Weapons
 t - a +0 war axe (weapon)
Missiles
 o - 6 silver boomerangs (quivered)
Armour
 b - a +0 scale mail (worn)
 c - a +0 buckler (worn)
 j - a +0 cloak (worn)
Jewellery
 g - a +6 ring of dexterity (left hand)
 m - an amulet of regeneration (around neck)
Potions
 d - a potion of might
 e - a potion of ambrosia {unknown}
 i - a potion of magic {unknown}
 k - a potion of attraction {unknown}
 l - a potion of heal wounds {unknown}
 n - a potion of haste {unknown}
 p - a potion of mutation {unknown}
 s - a potion of cancellation {unknown}


   Skills:
 * Level 5.5 Fighting
 + Level 4.4 Axes
 + Level 4.7 Armour
 + Level 0.1 Stealth
 + Level 4.4 Shields


You had 4 spell levels left.
You didn't know any spells.
Your spell library contained the following spells:

 Spells                   Type           Power      Damage    Failure   Level
 Slow                     Hex            0%         N/A       83%         1
 Confusing Touch          Hex            0%         N/A       99%         3
 Vampiric Draining        Necr           0%         2d6       99%         3


Dungeon Overview and Level Annotations

Branches:
Dungeon (2/15)

Altars:

Annotations:
D:2 Crazy Yiuf


Innate Abilities, Weirdness & Mutations

You have a pair of horns on your head.
You reflexively headbutt those who attack you in melee.


Message History

You kill the goblin!
You hit the hobgoblin.
The hobgoblin hits you but does no damage.
Things that are here:
a +0 club; a +2 heavy sling You slash the hobgoblin!
You kill the hobgoblin!
Things that are here:
a +0 club; a +2 heavy sling; a hobgoblin corpse
Things that are here:
a +0 club; a goblin corpse Crazy Yiuf shouts!
Key pressed, stopping explore.
Could not explore, unopened runed door.
Could not explore, unopened runed door.
You open the door. You hit Crazy Yiuf.
Crazy Yiuf is lightly wounded.
Crazy Yiuf hits you with a +3 quarterstaff of chaos.
You are poisoned.
You block Crazy Yiuf's attack.
You barely miss Crazy Yiuf.
Crazy Yiuf is lightly wounded.
You feel very sick.
Crazy Yiuf grits, "Fluff!"
Crazy Yiuf hits you with a +3 quarterstaff of chaos!
You hit Crazy Yiuf.
Crazy Yiuf is moderately wounded.
You feel sick.
Crazy Yiuf twirls on the spot.
Crazy Yiuf hits you with a +3 quarterstaff of chaos!
You are more poisoned.
You barely miss Crazy Yiuf. You headbutt Crazy Yiuf!
Crazy Yiuf is heavily wounded.
You feel very sick.
Crazy Yiuf hits you with a +3 quarterstaff of chaos.
* * * LOW HITPOINT WARNING * * *
You feel your power leaking away.
Crazy Yiuf hits you with a +3 quarterstaff of chaos!
You die...

...###
##(.##
##..##
#.##.....##
.#.# #..##
#....#
#####...##
.#.## #.##
♣....♣ #####
##..####.#
♣♣...♣
##......#
♣♣.♣♣
########
♣♣.♣ #####
##### ♣.♣♣
....####...#
♣♣.♣
###......###
♣@♣♣
###...## #g#
##..#..##
...
##..###..##
#...# #..##
##..# #)..#
#.## ##.#
##### #.#
#.# ##.#
###### ...#
#..#####


You could see Crazy Yiuf.

Vanquished Creatures
  Sigmund (D:2)
  An adder (D:2)
  A worm (D:2)
  A dart slug (D:2)
  4 ball pythons
  2 endoplasms
  A giant cockroach (D:2)
  4 goblins
  7 hobgoblins
  2 quokkas
  4 bats
  6 frilled lizards
  6 kobolds
  2 rats (D:2)
42 creatures vanquished.

Notes
Turn   | Place    | Note
-------+----------+-------------------------------------------
     0 | D:1      | hndcvy the Minotaur Fighter began the quest for the Orb.
     0 | D:1      | Reached XP level 1. HP: 19/19 MP: 0/0
   234 | D:1      | Reached skill level 4 in Fighting
   234 | D:1      | Reached XP level 2. HP: 27/27 MP: 1/1
   329 | D:1      | Found a faded altar of an unknown god.
   849 | D:2      | Reached XP level 3. HP: 34/34 MP: 2/2
  1012 | D:2      | Noticed Sigmund
  1025 | D:2      | Killed Sigmund
  1026 | D:2      | Reached skill level 5 in Fighting
  1026 | D:2      | Reached XP level 4. HP: 28/42 MP: 3/3
  1026 | D:2      | Reached XP level 5. HP: 33/48 MP: 4/4
  1164 | D:2      | Found a runed translucent door.
  1165 | D:2      | Noticed Crazy Yiuf
  1362 | D:2      | Slain by Crazy Yiuf

Illustrated notes

Levels and vault maps discovered:
D:1:      co_arrival_random_square_maze, layout_basic,
          ebering_ecumenical_altar_box
D:2:      layout_rooms, nrook_mini_vaults, minmay_tetromino_l4,
          uniq_crazy_yiuf_cottage, uniq_sigmund

Skill      XL: |  1  2  3 |
---------------+----------+-----
Fighting       | 4 5 |  5.5
Armour         | 4 |  4.7
Shields        | 4 |  4.4
Axes           | 4 |  4.4
Stealth        | |  0.1

Action                     |  1- 3 |  4- 6 || total
---------------------------+-------+-------++-------
  Melee: War axe           |    63 |    13 ||    76
         Headbutt          |     8 |     2 ||    10
    Use: Scroll            |       |     4 ||     4
 Armour: Scale mail        |    31 |     5 ||    36
  Dodge: Dodged            |    31 |     3 ||    34
  Block: Buckler           |    12 |     3 ||    15

Table legend: (Time is in decaauts)
 A = Elapsed time spent in this place.
 B = Non-inter-level travel time spent in this place.
 C = Inter-level travel time spent in this place.
 D = Time resting spent in this place.
 E = Time spent auto-exploring this place.
 F = Levels seen in this place.
 G = Mean time per level.
                   A        B        C        D        E       F      G
               +--------+--------+--------+--------+--------+-----+--------+
         Total |   1390 |   1390 |      0 |      0 |    888 |   2 |  695.0 |
       Dungeon |   1390 |   1390 |      0 |      0 |    888 |   2 |  695.0 |
               +--------+--------+--------+--------+--------+-----+--------+

Top non-repeatable levels by time:
     D:1: 827 daAuts
     D:2: 563 daAuts
